[Event "Titled Tuesday Blitz April 18 Late 2023"]
[White "Rodshtein, Maxim"]
[Black "Meunier-Pion, Jean"]
[WhiteFideId "2806851"]
[BlackFideId "20685327"]
[WhiteElo "2555"]
[BlackElo "2124"]
[Result "1/2-1/2"]
[Round "01"]
[TimeControl "180+2"]
[Date "2023.04.18"]
[WhiteClock "0:00:03"]
[BlackClock "0:00:14"]

1. e4 c5 2. Nf3 d6 3. d4 cxd4 4. Nxd4 Nf6 5. Nc3 a6 6. h3 e6 7. g4 h6 8. a3 Be7 9. f4 Qc7 10. Bg2 Nc6 11. Be3 Nxd4 12. Qxd4 e5 13. Qd2 b5 14. O-O Bb7 15. Rad1 exf4 16. Bxf4 O-O-O 17. a4 b4 18. Nd5 Nxd5 19. exd5 Qb6+ 20. Be3 Qa5 21. Rxf7 Bf6 22. Bd4 Rhf8 23. Bxf6 Rxf7 24. Bxd8 Kxd8 25. Qe3 Re7 26. Qd4 Re5 27. Rf1 Bxd5 28. Qa7 Ke8 29. Qxg7 Qc5+ 30. Kh2 Re7 31. Qf8+ Kd7 32. Qf5+ Be6 33. Qxc5 dxc5 34. Rd1+ Kc7 35. Re1 Kd7 36. Kg3 Rg7 37. Re5 Kd6 38. Rh5 Rg6 39. Be4 Rf6 40. c3 bxc3 41. bxc3 Bb3 42. a5 Re6 43. Bf5 Rf6 44. Kf4 Be6 45. Ke4 Bd5+ 46. Ke3 Bf7 47. Rh4 Ke5 48. Bd3 Bd5 49. Rh5+ Kd6 50. Rf5 Re6+ 51. Kf4 c4 52. Bc2 Re2 53. Ba4 Re4+ 54. Kg3 Re3+ 55. Kh4 Bg2 56. Kh5 Bxh3 57. Rf6+ Ke5 58. Rxh6 Rxc3 59. Bd7 Rd3 60. Re6+ Kf4 61. Rf6+ Ke5 62. Re6+ Kf4 63. Rf6+ Ke5 64. Re6+ 1/2-1/2


[Site "https://www.chess.com"]

[Event "Titled Tuesday Blitz April 18 Late 2023"]
[White "Seletsky, Grigory"]
[Black "Indjic, Aleksandar"]
[WhiteFideId "14112191"]
[BlackFideId "911925"]
[WhiteElo "2490"]
[BlackElo "2614"]
[Result "0-1"]
[Round "01"]
[TimeControl "180+2"]
[Date "2023.04.18"]
[WhiteClock "0:00:01"]
[BlackClock "0:00:49"]

1. d4 Nf6 2. c4 e6 3. Nf3 c5 4. Nc3 cxd4 5. Nxd4 d5 6. cxd5 Nxd5 7. e3 Nxc3 8. bxc3 Be7 9. Bb2 O-O 10. Be2 Nd7 11. O-O Nc5 12. Bf3 Bd7 13. Qc2 Qc8 14. a4 Re8 15. Rfc1 a6 16. a5 e5 17. Ne2 Bf5 18. e4 Be6 19. Ra3 Bc4 20. Ng3 g6 21. Be2 Qe6 22. f3 Red8 23. Nf1 Bg5 24. Re1 Rd7 25. Bc1 Bxc1 26. Qxc1 Bxe2 27. Rxe2 Nd3 28. Qc2 Rad8 29. g3 Qd6 30. Ra1 Qc5+ 31. Kg2 f5 32. Ne3 fxe4 33. fxe4 Kg7 34. Nd5 Qc4 35. Ra4 Qc6 36. c4 Nc5 37. Rb4 Rf7 38. Qc3 Nd7 39. Rb6 Nxb6 40. axb6 Re8 41. c5 Kg8 42. h4 h6 43. Qe3 Kh7 44. Qc3 a5 45. Qxa5 Ref8 46. Qc3 Qe6 47. Ne3 Rf3 48. Qd2 h5 49. Nf5 gxf5 50. Kxf3 f4 0-1


[Site "https://www.chess.com"]

[Event "Titled Tuesday Blitz April 18 Late 2023"]
[White "Baskakov, Egor"]
[Black "ElenGajger"]
[WhiteFideId "24197866"]
[WhiteElo "2212"]
[BlackElo "2432"]
[Result "1-0"]
[Round "01"]
[TimeControl "180+2"]
[Date "2023.04.18"]
[WhiteClock "0:01:40"]
[BlackClock "0:00:02"]

1. e4 c5 2. Nf3 g6 3. d4 cxd4 4. Nxd4 Bg7 5. Nc3 Nc6 6. Nde2 Nf6 7. g3 O-O 8. Bg2 d6 9. h3 Bd7 10. a4 Rc8 11. Nd5 Ne5 12. O-O Nxd5 13. exd5 a6 14. Ra2 b5 15. axb5 axb5 16. b3 f5 17. Nd4 Ra8 18. Rxa8 Qxa8 19. Be3 Rc8 20. f4 Nf7 21. Nc6 Bf6 22. Bd4 Bxc6 23. Bxf6 Be8 24. Bb2 Qa7+ 25. Kh2 Bd7 26. Re1 Kf8 27. Qd2 Be8 28. c4 b4 29. Qxb4 Qf2 30. Qc3 1-0


[Site "https://www.chess.com"]

[Event "Titled Tuesday Blitz April 18 Late 2023"]
[White "Melikhov, Evgeny V."]
[Black "Quesada Perez, Yasser"]
[WhiteFideId "4122046"]
[BlackFideId "3509362"]
[WhiteElo "2158"]
[BlackElo "2496"]
[Result "0-1"]
[Round "01"]
[TimeControl "180+2"]
[Date "2023.04.18"]
[WhiteClock "0:01:45"]
[BlackClock "0:02:13"]

1. d4 Nf6 2. c4 e6 3. Nc3 Bb4 4. Qc2 c5 5. dxc5 O-O 6. a3 Bxc5 7. Nf3 d5 8. Bg5 Nc6 9. O-O-O Be7 10. cxd5 exd5 11. Bxf6 Bxf6 12. Nxd5 Be6 13. Kb1 Bxd5 0-1


[Site "https://www.chess.com"]

[Event "Titled Tuesday Blitz April 18 Late 2023"]
[White "Costachi, Mihnea"]
[Black "Mackster23"]
[WhiteFideId "1217518"]
[WhiteElo "2456"]
[BlackElo "2428"]
[Result "1-0"]
[Round "01"]
[TimeControl "180+2"]
[Date "2023.04.18"]
[WhiteClock "0:00:26"]
[BlackClock "0:00:15"]

1. e4 e6 2. Qe2 c5 3. Nf3 Nc6 4. g3 Be7 5. Bg2 d5 6. d3 Nf6 7. O-O O-O 8. c3 Re8 9. Nbd2 b5 10. a4 b4 11. d4 bxc3 12. bxc3 cxd4 13. Nxd4 Nxd4 14. cxd4 dxe4 15. Nxe4 Nd5 16. Ba3 Bxa3 17. Rxa3 Qa5 18. Nc5 Rd8 19. Rb1 Qc7 20. Rab3 a5 21. Qe5 Ra7 22. Rb8 Nb4 23. Nb7 Qxe5 24. dxe5 Rf8 25. Nxa5 Nd3 26. Nc6 Rc7 27. a5 g5 28. h4 gxh4 29. gxh4 Bd7 30. Rxf8+ Kxf8 31. Nb8 Nxe5 32. a6 Ra7 33. Bb7 Nd3 34. Nxd7+ Ke7 35. Nb8 Nc5 36. Nc6+ 1-0


[Site "https://www.chess.com"]

[Event "Titled Tuesday Blitz April 18 Late 2023"]
[White "Ladan, Nicholas"]
[Black "Fier, Alexandr"]
[WhiteFideId "30918855"]
[BlackFideId "2107139"]
[WhiteElo "2167"]
[BlackElo "2610"]
[Result "1-0"]
[Round "01"]
[TimeControl "180+2"]
[Date "2023.04.18"]
[WhiteClock "0:00:34"]
[BlackClock "0:01:36"]

1. d4 Nf6 2. Bf4 c5 3. e3 Qb6 4. Nc3 d6 5. Nf3 Bd7 6. Bc4 e6 7. O-O cxd4 8. exd4 d5 9. Bb3 Nc6 10. a4 Be7 11. Nb5 O-O-O 12. Bc7 Qa6 13. Bxd8 Rxd8 14. Ne5 Be8 15. c4 Nxe5 16. dxe5 dxc4 17. Qc2 Nd5 18. Qxc4+ Kb8 19. Rfd1 Bc6 20. Nd6 Bxd6 21. exd6 Qxc4 22. Bxc4 Rxd6 23. b4 b6 24. a5 b5 25. Bxd5 Bxd5 26. Rac1 a6 27. Rc5 Kb7 28. f3 g5 29. Kf2 h5 30. Rdc1 Bc4 31. Rxg5 h4 32. Rc2 Rd3 33. Rh5 Rb3 34. Rxh4 Rxb4 35. Rh7 e5 36. h4 Be6 37. h5 Rh4 38. Rc1 b4 39. Kg3 Rf4 40. h6 Rf6 41. Rh1 b3 42. Rg7 Bf5 43. h7 Bxh7 44. Rgxh7 Rg6+ 45. Kf2 Rd6 46. Rxf7+ Kc6 47. Rb1 Rd3 48. Rf6+ Kc5 49. Rxa6 Kc4 50. Rb6 Rd2+ 51. Ke3 1-0


[Site "https://www.chess.com"]

[Event "Titled Tuesday Blitz April 18 Late 2023"]
[White "Xiong, Jeffery"]
[Black "Urbina Perez, Juan Antonio"]
[WhiteFideId "2047640"]
[BlackFideId "2217368"]
[WhiteElo "2726"]
[BlackElo "2197"]
[Result "1-0"]
[Round "01"]
[TimeControl "180+2"]
[Date "2023.04.18"]
[WhiteClock "0:00:42"]
[BlackClock "0:00:03"]

1. e4 c5 2. Nf3 d6 3. Nc3 Nf6 4. d4 cxd4 5. Qxd4 Nc6 6. Qd3 g6 7. Nd5 Bg7 8. c3 O-O 9. Bg5 Bg4 10. Be2 Bxf3 11. Qxf3 Ne5 12. Qe3 Nxd5 13. exd5 f6 14. Bh4 Qb6 15. Qxb6 axb6 16. f4 Nd7 17. Bf2 Rfc8 18. O-O f5 19. g4 Nc5 20. gxf5 gxf5 21. Rfe1 Bf6 22. Kg2 Kh8 23. Kf3 Rg8 24. Rg1 Rxg1 25. Bxg1 Nb3 26. Rd1 Rxa2 27. Bd3 Rxb2 28. Bxf5 Nd2+ 29. Kg3 Nb3 30. Bxb6 Nc5 31. Bxc5 dxc5 32. c4 Kg7 33. d6 exd6 34. Rxd6 h6 35. Rd7+ Kf8 36. Be6 Bd4 37. f5 Rb1 38. f6 Bxf6 39. Rf7+ Ke8 40. Rxf6 Ke7 41. Rxh6 Rg1+ 42. Kf2 Rg7 43. Bd5 Kd8 44. Rb6 Kc8 45. Rxb7 1-0


[Site "https://www.chess.com"]

[Event "Titled Tuesday Blitz April 18 Late 2023"]
[White "Dzida, Kamil"]
[Black "Kowalski, Igor"]
[WhiteFideId "21828652"]
[BlackFideId "1172468"]
[WhiteElo "2139"]
[BlackElo "2392"]
[Result "0-1"]
[Round "01"]
[TimeControl "180+2"]
[Date "2023.04.18"]
[WhiteClock "0:00:12"]
[BlackClock "0:00:18"]

1. e4 g6 2. d4 Bg7 3. Nf3 d6 4. Be2 Nf6 5. Nc3 O-O 6. O-O c6 7. a4 a5 8. h3 Na6 9. Be3 Nb4 10. Nd2 Nd7 11. Nc4 Qc7 12. Qd2 b6 13. Na3 Ba6 14. Bxa6 Rxa6 15. Rac1 Raa8 16. b3 Rfd8 17. d5 cxd5 18. Nxd5 Nxd5 19. Qxd5 Nc5 20. Nb5 Qd7 21. Rfd1 Rac8 22. Bxc5 Rxc5 23. Qd3 Qe6 24. c4 h5 25. Nd4 Bxd4 26. Qxd4 Kh7 27. Rd3 f6 28. h4 Rdc8 29. Qe3 Kg7 30. Re1 Kf7 31. Rd5 Rxd5 32. cxd5 Qg4 33. Qxb6 Rc2 34. Qxa5 Qxh4 35. Qb6 Qg4 36. Qe3 Rb2 37. a5 h4 38. a6 Ra2 39. a7 Qd7 40. Qh6 Qxa7 41. Qh7+ Ke8 42. Qxg6+ Kd8 43. Qg8+ Kd7 44. Qe6+ Kd8 45. Qg8+ Kd7 46. Qg4+ Kd8 47. Qxh4 Qc5 48. Qh8+ Kd7 49. Qh3+ Kc7 50. Qe3 Rc2 51. Qxc5+ dxc5 52. Kf1 Kb6 53. Re3 Kb5 54. g3 Kb4 55. e5 fxe5 56. Rxe5 Kxb3 57. Rxe7 Rd2 58. Rd7 c4 59. Ke1 Kc2 60. Rc7 c3 61. Rc5 Rd4 62. f4 Kd3 63. Kd1 Ra4 64. Ke1 c2 65. Kf2 Rc4 66. Rxc4 Kxc4 67. d6 c1=Q 68. d7 Qd2+ 69. Kf3 Qxd7 0-1


[Site "https://www.chess.com"]

[Event "Titled Tuesday Blitz April 18 Late 2023"]
[White "Smirnov, Pavel"]
[Black "Delorme, Axel"]
[WhiteFideId "4123425"]
[BlackFideId "632023"]
[WhiteElo "2519"]
[BlackElo "2478"]
[Result "1-0"]
[Round "01"]
[TimeControl "180+2"]
[Date "2023.04.18"]
[WhiteClock "0:01:40"]
[BlackClock "0:01:23"]

1. d4 d5 2. c4 e6 3. Nf3 c6 4. g3 dxc4 5. Bg2 b5 6. O-O Bb7 7. Ne5 Nd7 8. Nxc6 Qb6 9. Ne5 Nxe5 10. dxe5 Bxg2 11. Kxg2 Bc5 12. Qc2 Ne7 13. Nc3 O-O 14. Ne4 h6 15. Bxh6 Nf5 16. Bg5 Bd4 17. Bf4 Rfd8 18. Rad1 Rd5 19. Ng5 Qc6 20. Nf3 Rad8 21. e4 1-0


[Site "https://www.chess.com"]

[Event "Titled Tuesday Blitz April 18 Late 2023"]
[White "Mazurkiewicz, Michal"]
[Black "Goltsev, Dmitry"]
[WhiteFideId "1124943"]
[BlackFideId "24176710"]
[WhiteElo "2054"]
[BlackElo "2336"]
[Result "1-0"]
[Round "01"]
[TimeControl "180+2"]
[Date "2023.04.18"]
[WhiteClock "0:00:09"]
[BlackClock "0:01:23"]

1. e4 e6 2. d3 d5 3. Nd2 Nf6 4. Ngf3 c5 5. g3 Nc6 6. Bg2 dxe4 7. dxe4 e5 8. O-O Bd6 9. c3 Bc7 10. Qe2 h5 11. Nc4 Be6 12. Ng5 Bg4 13. f3 Bd7 14. Be3 Qe7 15. a4 h4 16. Rfd1 hxg3 17. hxg3 Nh5 18. Qf2 b6 19. a5 Rb8 20. axb6 axb6 21. Qd2 f6 22. Qxd7+ Qxd7 23. Rxd7 Kxd7 24. Bh3+ Ke7 25. Ne6 Bd8 26. Bg4 g5 27. Rd1 Rb7 28. Nd6 Rb8 29. Nf5+ Kxe6 30. Bxh5 Be7 31. Ng7# 1-0


[Site "https://www.chess.com"]

[Event "Titled Tuesday Blitz April 18 Late 2023"]
[White "Szpar, Milosz"]
[Black "Gatterer, Florian"]
[WhiteFideId "1184989"]
[BlackFideId "811688"]
[WhiteElo "2436"]
[BlackElo "2221"]
[Result "1/2-1/2"]
[Round "01"]
[TimeControl "180+2"]
[Date "2023.04.18"]
[WhiteClock "0:00:06"]
[BlackClock "0:00:17"]

1. e4 c5 2. Nf3 e6 3. d4 cxd4 4. Nxd4 Nf6 5. Nc3 Nc6 6. Ndb5 Bc5 7. Nd6+ Ke7 8. Bf4 e5 9. Nf5+ Kf8 10. Bg5 Bb4 11. Ne3 h6 12. Bxf6 Bxc3+ 13. bxc3 Qxf6 14. Bc4 d6 15. O-O Be6 16. Qxd6+ Kg8 17. Bxe6 fxe6 18. Rab1 Rb8 19. Qc7 Qf7 20. Qxf7+ Kxf7 21. Rfd1 Ke7 22. f3 b6 23. Kf2 Rbc8 24. Rd3 Rhd8 25. Rbd1 Rxd3 26. cxd3 Na5 27. c4 Nc6 28. Rb1 Nd4 29. Ke1 Rc5 30. Kd2 Ra5 31. Rb2 Kd6 32. Nd1 Kc5 33. Nc3 a6 34. Ne2 Nxe2 35. Kxe2 Kd4 36. Kd2 Ra3 37. Rxb6 Rxa2+ 38. Kd1 Kxd3 39. Rd6+ Kxc4 40. Rxe6 Rxg2 41. Rxe5 Kd4 42. Re6 Rxh2 43. Rxa6 Ke3 44. Ra3+ Kf4 45. Ke1 g5 46. Kf1 h5 47. Kg1 Rc2 48. Ra5 g4 49. fxg4 hxg4 50. e5 Re2 51. Ra4+ Kg3 52. Ra3+ Kh4 53. Ra5 g3 54. Ra8 Rxe5 55. Rh8+ Kg4 56. Rg8+ Kf3 57. Rf8+ Ke4 58. Rg8 Kf4 59. Rf8+ Rf5 60. Ra8 Re5 61. Rf8+ Rf5 62. Ra8 Rd5 63. Rf8+ Kg4 64. Kg2 Rd2+ 65. Kg1 Rc2 66. Rg8+ Kf3 67. Rf8+ Kg4 68. Rg8+ Kh3 69. Rh8+ Kg4 70. Rg8+ 1/2-1/2


[Site "https://www.chess.com"]

[Event "Titled Tuesday Blitz April 18 Late 2023"]
[White "mrithyunjay"]
[Black "Kushko, Dmitriy"]
[BlackFideId "14162261"]
[WhiteElo "2413"]
[BlackElo "2230"]
[Result "0-1"]
[Round "01"]
[TimeControl "180+2"]
[Date "2023.04.18"]
[WhiteClock "0:00:59"]
[BlackClock "0:01:06"]

1. e4 g6 2. d4 Bg7 3. Nc3 d6 4. Be3 a6 5. f4 b5 6. e5 Bb7 7. Nf3 Nd7 8. Bd3 c5 9. Be4 Bxe4 10. Nxe4 cxd4 11. Bxd4 dxe5 12. fxe5 Nf8 13. O-O Ne6 14. Be3 Nh6 15. h3 Nf5 16. Bf2 h5 17. g4 hxg4 18. hxg4 Nh6 19. Nd4 Nxd4 20. Bxd4 Nxg4 21. Nd6+ exd6 22. Qxg4 dxe5 23. Bc5 Qd5 24. Ba3 Rh1+ 25. Kf2 Rh2+ 26. Ke1 Qd2# 0-1


[Site "https://www.chess.com"]

[Event "Titled Tuesday Blitz April 18 Late 2023"]
[White "Beerdsen, Thomas"]
[Black "Aranda Marin, Cristian"]
[WhiteFideId "1030108"]
[BlackFideId "2205513"]
[WhiteElo "2547"]
[BlackElo "2233"]
[Result "1-0"]
[Round "01"]
[TimeControl "180+2"]
[Date "2023.04.18"]
[WhiteClock "0:01:36"]
[BlackClock "0:01:09"]

1. e4 c5 2. Nf3 e6 3. d4 cxd4 4. Bg5 Qb6 5. Qxd4 Qxd4 6. Nxd4 a6 7. Nd2 b5 8. a4 b4 9. Nc4 Bb7 10. Nb6 Ra7 11. O-O-O Bc5 12. a5 Nc6 13. Nb3 Bxf2 14. Nxd7 f6 15. Bf4 e5 16. Bg3 Be3+ 17. Kb1 Nge7 18. Bc4 Nd4 19. Ndc5 Bc8 20. Rhe1 Nxb3 21. Nxb3 Bh6 22. Bf2 Rc7 23. Bc5 Nc6 24. Bd6 Rb7 25. Nc5 Ra7 26. Bd5 Nxa5 27. Bb8 Re7 28. Bd6 Ra7 29. Rd3 g6 30. Bb8 Re7 31. Bd6 Ra7 32. Red1 Bf8 33. Bxf8 Kxf8 34. c3 bxc3 35. b4 Nb7 36. Bxb7 Bxb7 37. Rd7 1-0


[Site "https://www.chess.com"]

[Event "Titled Tuesday Blitz April 18 Late 2023"]
[White "Abduzhaparov"]
[Black "Timmermans, Mark"]
[BlackFideId "1026399"]
[WhiteElo "2412"]
[BlackElo "2460"]
[Result "0-1"]
[Round "01"]
[TimeControl "180+2"]
[Date "2023.04.18"]
[WhiteClock "0:00:16"]
[BlackClock "0:00:46"]

1. Nf3 Nf6 2. c4 e6 3. g3 d5 4. Bg2 Be7 5. O-O O-O 6. Qc2 a5 7. d4 Na6 8. a3 c6 9. Nbd2 Nc7 10. e4 dxe4 11. Nxe4 Nxe4 12. Qxe4 b5 13. Bf4 Bd7 14. Ne5 bxc4 15. Nxc6 Bxc6 16. Qxc6 Nd5 17. Qxc4 Rc8 18. Qa4 Nxf4 19. gxf4 Qb6 20. Rad1 Rfd8 21. d5 exd5 22. Rxd5 Rxd5 23. Bxd5 Rd8 24. Qb3 Qxb3 25. Bxb3 Rb8 26. Bc4 Rxb2 27. a4 Rb4 28. Bb5 Rxf4 29. Rc1 g6 30. Rc4 Rf5 31. Rc7 Bc5 32. Bd3 Bxf2+ 33. Kg2 Rf4 34. Rc4 Bd4 35. Kg3 g5 36. Rc6 Be5 37. Kg2 Rxa4 38. Rh6 Ra2+ 39. Kg1 Rxh2 40. Rxh2 Bxh2+ 41. Kxh2 a4 42. Kg3 a3 43. Bc4 Kg7 44. Kg4 f6 45. Bb3 Kf8 46. Ba2 Ke7 47. Bb1 Kd6 48. Kh5 Ke5 0-1


[Site "https://www.chess.com"]

[Event "Titled Tuesday Blitz April 18 Late 2023"]
[White "Llorente Zaro, Alfonso"]
[Black "Papayan, Oleg"]
[WhiteFideId "2254131"]
[BlackFideId "4193911"]
[WhiteElo "2485"]
[BlackElo "2153"]
[Result "1-0"]
[Round "01"]
[TimeControl "180+2"]
[Date "2023.04.18"]
[WhiteClock "0:00:59"]
[BlackClock "0:00:09"]

1. e4 d5 2. exd5 Qxd5 3. Nc3 Qa5 4. g3 Nf6 5. Bg2 c6 6. Nge2 Bf5 7. b4 Qc7 8. O-O e6 9. b5 Be7 10. d3 O-O 11. Rb1 Nbd7 12. bxc6 bxc6 13. Nd4 Bg4 14. Qe1 Nd5 15. Bxd5 cxd5 16. Nxd5 exd5 17. Qxe7 Rfe8 18. Bf4 Qc3 19. Qb4 Rac8 20. Qxc3 Rxc3 21. Rb7 Nf6 22. Rxa7 Nh5 23. Bd2 Rcc8 24. f3 Bh3 25. Re1 Nf6 26. Rxe8+ Nxe8 27. Bf4 h6 28. g4 g5 29. Bg3 Ng7 30. Rb7 Ne6 31. Nxe6 fxe6 32. Rb8 Rxb8 33. Bxb8 h5 34. Kf2 hxg4 35. Kg3 Kf7 36. fxg4 Bf1 37. Be5 Be2 38. a4 Bd1 39. a5 Bxc2 40. a6 Ba4 41. a7 Bc6 42. h4 gxh4+ 43. Kxh4 Kg6 44. d4 Bb7 45. Kg3 Kg5 46. Bd6 Ba8 47. Be7+ Kg6 48. Kf4 Kf7 49. Bc5 Bb7 50. Ke5 Kg6 51. Kxe6 Kg5 52. Kd7 Kxg4 53. Kc7 Ba8 54. Kb8 Bc6 55. a8=Q Bxa8 56. Kxa8 Kf5 57. Kb7 Ke4 58. Kc6 Kd3 59. Kxd5 Kc3 60. Kc6 Kd3 61. d5 Kc4 62. d6 Kb3 63. d7 Kc4 64. d8=Q Kb3 65. Qd3+ Kb2 66. Bd4+ Ka2 67. Qc2+ Ka3 68. Bc5# 1-0


[Site "https://www.chess.com"]

[Event "Titled Tuesday Blitz April 18 Late 2023"]
[White "Alexikov, Alexander"]
[Black "Flores, Diego"]
[WhiteFideId "14103958"]
[BlackFideId "108049"]
[WhiteElo "2186"]
[BlackElo "2613"]
[Result "0-1"]
[Round "01"]
[TimeControl "180+2"]
[Date "2023.04.18"]
[WhiteClock "0:00:01"]
[BlackClock "0:00:41"]

1. e4 c5 2. Nf3 e6 3. d4 cxd4 4. Nxd4 a6 5. c4 Qc7 6. Nc3 Nf6 7. a3 b6 8. Be2 Bb7 9. f3 h5 10. Be3 h4 11. O-O Bd6 12. h3 Bh2+ 13. Kh1 Nh5 14. g4 hxg3 15. Kg2 Nf4+ 16. Bxf4 Qxf4 17. Rh1 Qh4 18. Rxh2 gxh2 19. Kh1 Qxh3 20. Bf1 Qg3 21. Bg2 Nc6 22. Nxc6 Bxc6 23. Qd4 Rh6 24. Ne2 Qg5 25. Rd1 f5 26. exf5 Qxf5 27. Qxg7 Rg6 28. Qh8+ Ke7 29. Qh7+ Qf7 30. Qh4+ Qf6 31. Qxf6+ Kxf6 32. Nd4 Rag8 0-1


[Site "https://www.chess.com"]

[Event "Titled Tuesday Blitz April 18 Late 2023"]
[White "Boruchovsky, Avital"]
[Black "Ramirez Vido, Robert Yorisan"]
[WhiteFideId "2800055"]
[BlackFideId "3513823"]
[WhiteElo "2450"]
[BlackElo "2403"]
[Result "1-0"]
[Round "01"]
[TimeControl "180+2"]
[Date "2023.04.18"]
[WhiteClock "0:00:12"]
[BlackClock "0:00:05"]

1. Nf3 Nf6 2. c4 g6 3. b3 Bg7 4. Bb2 O-O 5. Nc3 d6 6. d4 Nbd7 7. e3 e5 8. Be2 Re8 9. Qc2 exd4 10. Nxd4 d5 11. Nxd5 Nxd5 12. cxd5 Nb6 13. O-O Nxd5 14. Rad1 Qf6 15. Ba1 Qe7 16. Bf3 c6 17. Nxc6 bxc6 18. Bxg7 Nxe3 19. fxe3 Qxe3+ 20. Kh1 Kxg7 21. Bxc6 Ba6 22. Rg1 Rac8 23. Qb2+ Qe5 24. Qxe5+ Rxe5 25. Rd6 Bd3 26. h3 Bf5 27. Bf3 Rc2 28. Ra6 Re7 29. Rd1 Rf2 30. Kg1 Rc2 31. b4 Be4 32. Re1 f5 33. b5 Rb2 34. a4 Rc7 35. Bxe4 fxe4 36. Rxe4 Rcc2 37. Rxa7+ Kh6 38. Rh4+ Kg5 39. Rg4+ Kf5 40. Rxh7 Ra2 41. Rf7+ Ke6 42. Rf3 Ke7 43. Rb3 Rc1+ 44. Kh2 Rca1 45. b6 1-0


[Site "https://www.chess.com"]

[Event "Titled Tuesday Blitz April 18 Late 2023"]
[White "Yeritsyan, Hayk"]
[Black "Milikow, Yoav"]
[WhiteFideId "13307320"]
[BlackFideId "2822237"]
[WhiteElo "2397"]
[BlackElo "2410"]
[Result "0-1"]
[Round "01"]
[TimeControl "180+2"]
[Date "2023.04.18"]
[WhiteClock "0:00:05"]
[BlackClock "0:00:36"]

1. d4 Nf6 2. Nf3 d5 3. e3 Bf5 4. Bd3 Bxd3 5. Qxd3 e6 6. Qb5+ Nbd7 7. Qxb7 Bd6 8. Qb5 O-O 9. Qd3 c5 10. c3 c4 11. Qc2 a5 12. Nbd2 a4 13. e4 Bf4 14. O-O Qb8 15. Re1 Rc8 16. e5 Ne8 17. Nf1 Bxc1 18. Rexc1 Qb5 19. a3 Rcb8 20. Rab1 Nf8 21. Ne3 Rb7 22. Qd1 Rab8 23. Nc2 Ng6 24. g3 Ne7 25. Nb4 Nc6 26. Qd2 Na5 27. Re1 Qd7 28. Qe2 Ra8 29. Nd2 Nc7 30. f4 Na6 31. Rbc1 Nc6 32. Qe3 Qc7 33. Nb1 Qb6 34. Rf1 Ne7 35. g4 g6 36. Qg3 Kf8 37. Qh4 Nc7 38. Qxh7 Ng8 39. f5 exf5 40. gxf5 gxf5 41. Qxf5 Qe6 42. Qxe6 Nxe6 43. Rf2 Ra5 44. Rcf1 Ke8 45. Nc6 Rab5 46. Nb4 Nh6 47. Nd2 Ng5 48. Kg2 Ng4 49. Re2 Ne6 50. h3 Nh6 51. Rf6 Ng8 52. Rf3 Ne7 53. Ref2 Ng6 54. Nf1 Nh4+ 55. Kg3 Nxf3 56. Rxf3 Ng5 57. Rf2 Ne4+ 58. Kf3 Nxf2 59. Kxf2 Ke7 60. Ne3 Ke6 61. Kf3 f5 62. Kf4 Rh7 63. Nxf5 Rf7 64. Kg4 Rxf5 65. Nxd5 Rxd5 66. h4 Rd8 67. h5 Rg8+ 68. Kh4 Rf1 69. Kh3 Rh1# 0-1


[Site "https://www.chess.com"]

[Event "Titled Tuesday Blitz April 18 Late 2023"]
[White "Peng, Li Min"]
[Black "Tymrakiewicz, Rafal"]
[WhiteFideId "14112620"]
[BlackFideId "1108832"]
[WhiteElo "2436"]
[BlackElo "2151"]
[Result "1-0"]
[Round "01"]
[TimeControl "180+2"]
[Date "2023.04.18"]
[WhiteClock "0:00:24"]
[BlackClock "0:00:03"]

1. e4 Nf6 2. e5 Nd5 3. d4 d6 4. f4 dxe5 5. fxe5 c5 6. Nf3 cxd4 7. Qxd4 Nc6 8. Qe4 g6 9. Bc4 Nb6 10. Bb3 Bf5 11. Qf4 Nd5 12. Bxd5 Qxd5 13. Nc3 Qc5 14. Be3 Qb4 15. O-O-O Qxf4 16. Bxf4 Bg7 17. h3 h6 18. g4 Be6 19. Ne4 Rd8 20. Rxd8+ Nxd8 21. Rd1 O-O 22. Nc5 Bc8 23. Be3 b6 24. Nd7 Re8 25. Bf4 Ne6 26. Bg3 Rd8 27. Nb8 Bb7 28. Rxd8+ Nxd8 29. Nd4 Kf8 30. Nb5 a6 31. Nc7 a5 32. Nd7+ Kg8 33. Nxb6 Nc6 34. Nc4 Kf8 35. c3 g5 36. Kd2 f6 37. Ne6+ Kf7 38. Nxg7 Kxg7 39. exf6+ Kxf6 40. Ke3 a4 41. Nb6 a3 42. b4 Ba6 43. Nd5+ Kf7 44. Nb6 Ke6 45. Kd2 Bf1 46. h4 Bh3 47. hxg5 hxg5 48. b5 Na5 49. c4 Bxg4 50. Kc3 Bf3 51. Kb4 Nb7 52. Kxa3 g4 53. Kb4 Kf5 54. a4 e5 55. c5 e4 56. c6 Nd8 57. c7 Ne6 58. c8=Q e3 59. Nc4 1-0


[Site "https://www.chess.com"]

[Event "Titled Tuesday Blitz April 18 Late 2023"]
[White "Fernandez Garcia, Gumersindo"]
[Black "Mekhitarian, Krikor Sevag"]
[WhiteFideId "24516740"]
[BlackFideId "2107660"]
[WhiteElo "2093"]
[BlackElo "2604"]
[Result "0-1"]
[Round "01"]
[TimeControl "180+2"]
[Date "2023.04.18"]
[WhiteClock "0:00:14"]
[BlackClock "0:00:48"]

1. d4 Nf6 2. c4 g6 3. Nc3 d5 4. Nf3 Bg7 5. Qb3 dxc4 6. Qxc4 O-O 7. e4 Nfd7 8. Be2 Nb6 9. Qd3 Bg4 10. Be3 Nc6 11. d5 Nb4 12. Qd2 Bxf3 13. gxf3 a5 14. h4 e6 15. a3 exd5 16. axb4 axb4 17. Rxa8 bxc3 18. bxc3 Qxa8 19. Bxb6 Qa1+ 20. Qd1 Qxc3+ 21. Kf1 cxb6 22. exd5 h5 23. Qd3 Qc5 24. Kg2 Rd8 25. Rd1 Be5 26. Qe4 Qd6 27. Bc4 Kg7 28. Re1 Bf6 29. f4 Rd7 30. f5 Re7 31. Qb1 Rxe1 32. Qxe1 Bxh4 33. Qe4 Bf6 34. fxg6 fxg6 35. f4 Qb4 36. Kh3 b5 37. Bd3 Qxe4 38. Bxe4 b4 39. Kg3 b3 40. f5 g5 41. Kf3 Be5 42. Bd3 Kf6 43. Ke4 b2 44. Bb1 g4 45. Bc2 h4 46. Bb1 h3 0-1


[Site "https://www.chess.com"]

[Event "Titled Tuesday Blitz April 18 Late 2023"]
[White "Rozman, Levy"]
[Black "Gonzalez Zamora, Juan Carlos"]
[WhiteFideId "2039877"]
[BlackFideId "3507548"]
[WhiteElo "2376"]
[BlackElo "2535"]
[Result "1-0"]
[Round "01"]
[TimeControl "180+2"]
[Date "2023.04.18"]
[WhiteClock "0:00:11"]
[BlackClock "0:00:09"]

1. e4 d6 2. d4 Nf6 3. Nc3 g6 4. h3 Bg7 5. g4 c6 6. Bg2 h5 7. g5 Nfd7 8. h4 b5 9. Be3 Nb6 10. b3 N8d7 11. f4 Qc7 12. a4 b4 13. Nce2 a5 14. Nf3 Bb7 15. Rc1 c5 16. Ng3 Rc8 17. O-O O-O 18. f5 cxd4 19. Bxd4 Bxd4+ 20. Qxd4 Qc3 21. Kh2 Qxd4 22. Nxd4 Ne5 23. Bh3 Rb8 24. fxg6 fxg6 25. c4 Rxf1 26. Rxf1 Nbd7 27. Be6+ Kg7 28. Bd5 Bxd5 29. exd5 Nc5 30. Kg2 Rf8 31. Rxf8 Kxf8 32. Nge2 Kf7 33. Kf2 Ng4+ 34. Kf3 Ne5+ 35. Ke3 Ng4+ 36. Kf4 Ne5 37. Ke3 Ng4+ 38. Kd2 Ne5 39. Kc2 e6 40. dxe6+ Nxe6 41. Kd2 Nc5 42. Ke3 Ng4+ 43. Kf4 Ne5 44. Ke3 Ng4+ 45. Kf3 Ne5+ 46. Kf2 Ned3+ 47. Ke3 Ne5 48. Nf4 Ng4+ 49. Ke2 Ne5 50. Nd5 Ned3 51. Kd2 Ne5 52. Nc7 Ne4+ 53. Kc2 Nc5 54. Ncb5 Ng4 55. Nxd6+ Ke7 56. Nc8+ Kd7 57. Nb6+ Kd6 58. Nd5 Ke5 59. Nc6+ Ke4 60. Nxa5 Ne5 61. Nxb4 Nf3 62. Nac6 Nxh4 63. a5 Nf5 64. a6 Nxa6 65. Nxa6 h4 66. Nc5+ Kf3 67. Ne5+ Kg2 68. Nxg6 h3 69. Nf4+ Kg3 70. Nxh3 Kxh3 71. Ne6 Kg4 72. Kd3 Ne7 73. Kd4 Kf5 74. Nd8 Kxg5 75. Ke5 Kg6 76. Ke6 Nc8 77. c5 Na7 78. b4 Nb5 79. c6 Kg7 80. Kd7 Kf8 81. c7 Nxc7 82. Kxc7 Ke8 83. b5 1-0


[Site "https://www.chess.com"]

[Event "Titled Tuesday Blitz April 18 Late 2023"]
[White "Pein, Jonathan"]
[Black "Ashraf, Artin"]
[WhiteFideId "417092"]
[BlackFideId "22514805"]
[WhiteElo "2151"]
[BlackElo "2188"]
[Result "1-0"]
[Round "01"]
[TimeControl "180+2"]
[Date "2023.04.18"]
[WhiteClock "0:00:05"]
[BlackClock "0:00:03"]

1. e4 c5 2. Nf3 d6 3. d4 cxd4 4. Nxd4 Nf6 5. Nc3 a6 6. g3 g6 7. Bg2 Bg7 8. O-O O-O 9. h3 Bd7 10. Nd5 Nc6 11. Nxf6+ Bxf6 12. c3 Nxd4 13. cxd4 Qb6 14. Be3 Qxb2 15. Rb1 Qxa2 16. Rxb7 Bb5 17. Re1 Rac8 18. Bh6 Rfd8 19. h4 Rc2 20. Be3 h5 21. Bf3 e5 22. Bxh5 exd4 23. Bxd4 Rd2 24. Qg4 Bxd4 25. Bxg6 fxg6 26. Qxg6+ Kf8 27. Qh6+ Ke8 28. Qg6+ Kf8 29. Qh6+ Kg8 30. Qh7+ Kf8 31. Qe7+ Kg8 32. Qxd8+ 1-0


[Site "https://www.chess.com"]